Map: Cactus Valley LE (Void)

Players

JonSnow - Winner!

  • Race: Zerg Zerg

lIlIlIlIlI (Nina)

  • Race: Protoss Protoss

Event: Team Gravity's Fight Night #13

VOD

https://www.youtube.com/watch?v=8zqqsS00DPA&list=PL_BOlLcv8KbhFbvTakl6AYJq-DW01oMw_

Description

Time

  • Played on: April 5, 2015, 4:58 p.m.
  • Length: 10:02

All games in this series

Show
View Real Time Build Order
Export as new Build Order

JonSnow Zerg - Winner!

Build Orders: 3 Hatch before Pool 

Get SALT Encoding   

  12  0:00  Drone  
  13  0:09  Drone  
  14  0:18  Overlord  
  14  0:25  Drone, Extractor  
  15  0:38  Drone x2  
  17  0:55  Hatchery  
  16  1:00  Drone  
  16  1:01  Drone  
  18  1:10  Drone  
  19  1:26  Hatchery  
  19  1:30  Drone  
  19  1:31  Drone  
  20  1:37  Extractor  
  19  1:40  Drone  
  20  1:48  Spawning Pool  
  19  1:54  Overlord  
  19  2:03  Drone  
  19  2:08  Drone  
  21  2:11  Drone  
  22  2:20  Drone x2  
  24  2:35  Queen x2  
  28  2:38  Zergling x2  
  28  2:39  Drone  
  28  2:41  Drone  
  31  2:45  Metabolic Boost  
  31  2:56  Queen  
  33  2:58  Drone x2  
  33  3:02  Drone  
  33  3:03  Drone  
  33  3:04  Drone  
  38  3:06  Drone  
  38  3:12  Queen  
  41  3:16  Overlord  
  41  3:22  Drone  
  41  3:26  Overlord x2  
  41  3:37  Zergling x12  
  47  3:43  Zergling x4  
  47  3:45  Drone x3  
  52  3:49  Overlord  
  52  3:53  Drone  
  52  3:54  Drone x3  
  56  3:56  Drone  
  56  4:00  Evolution Chamber  
  56  4:03  Evolution Chamber, Drone  
  56  4:06  Drone  
  56  4:09  Overlord  
  56  4:17  Overlord  
  53  4:31  Drone x2, Zerg Melee Weapons Level 1  
  51  4:34  Extractor  
  51  4:35  Extractor  
  51  4:43  Roach Warren, Drone  
  51  4:44  Drone x4  
  54  4:46  Zergling x2  
  54  4:47  Zergling x18  
  54  4:52  Overlord  
  63  4:54  Drone x2  
  65  5:00  Zerg Ground Armor Level 1  
  65  5:03  Drone x4  
  69  5:07  Drone x3  
  69  5:13  Drone x4  
  76  5:17  Extractor  
  72  5:21  Zergling x2  
  72  5:22  Zergling x10  
  73  5:33  Roach x3  
  79  5:36  Roach  
  79  5:38  Spine Crawler, Roach  
  79  5:41  Roach x2  
  86  5:42  Spine Crawler  
  86  5:45  Roach x2  
  86  5:47  Overlord  
  86  5:48  Overlord  
  89  5:53  Zergling x8  
  93  6:01  Lair  
  93  6:03  Ravager x2  
  95  6:06  Drone x2  
  95  6:07  Drone  
  95  6:08  Extractor  
  95  6:10  Roach x2, Zergling x8  
  105  6:14  Zergling x2  
  105  6:15  Zergling x4  
  106  6:31  Overlord  
  106  6:34  Drone x3  
  106  6:36  Zergling x10  
  114  6:46  Overlord x3, Extractor  
  113  6:52  Spore Crawler  
  112  7:01  Spore Crawler  
  112  7:03  Spire  
  109  7:11  Overlord  
  109  7:15  Drone x2  
  109  7:18  Hatchery  
  106  7:30  Glial Reconstitution  
  106  7:32  Extractor  
  106  7:37  Zergling x34  
  121  7:57  Drone  
  121  7:58  Drone x2  
  124  7:59  Drone x2  
  124  8:02  Extractor  
  125  8:07  Zergling x4  
  125  8:17  Mutalisk  
  125  8:18  Mutalisk x5  
  109  8:25  Mutalisk x5  
  112  8:32  Mutalisk  
  114  8:38  Zergling x8  
  118  8:45  Ravager x2  
  118  8:46  Zergling x4  
  118  8:47  Queen  
  124  8:51  Mutalisk  
  126  9:06  Roach x4  
  126  9:08  Zergling x12  
  140  9:17  Roach  
  140  9:18  Roach x3  
  127  9:32  Roach x2, Zergling x4  
  127  9:35  Zergling x2  
  121  9:40  Zergling x10  
  117  9:56  Infestation Pit  
Show
View Real Time Build Order
Export as new Build Order

lIlIlIlIlI Protoss 

Build Orders: Nexus First 

Get SALT Encoding   

  12  0:00  Probe  
  13  0:15  Pylon  
  13  0:19  Probe  
  14  0:33  Probe (Chrono Boost)  
  16  0:43  Probe (Chrono Boost)  
  16  0:50  Probe  
  17  1:01  Nexus  
  17  1:05  Probe (Chrono Boost)  
  18  1:15  Probe (Chrono Boost)  
  19  1:19  Gateway  
  19  1:23  Probe  
  20  1:30  Assimilator  
  20  1:33  Assimilator  
  20  1:36  Probe (Chrono Boost)  
  21  1:46  Probe (Chrono Boost)  
  22  1:56  Pylon  
  21  2:01  Probe  
  22  2:10  Cybernetics Core  
  22  2:13  Probe (Chrono Boost)  
  24  2:19  Probe (Chrono Boost)  
  25  2:23  Probe (Chrono Boost)  
  25  2:27  Probe (Chrono Boost)  
  26  2:30  Probe  
  27  2:39  Probe (Chrono Boost)  
  27  2:42  Probe (Chrono Boost)  
  29  2:47  Robotics Facility  
  29  2:49  Warp Gate  
  29  2:50  Probe (Chrono Boost)  
  31  2:52  Stalker  
  31  2:53  Probe (Chrono Boost)  
  31  2:57  Probe (Chrono Boost)  
  34  3:00  Probe (Chrono Boost)  
  35  3:07  Pylon  
  35  3:09  Probe (Chrono Boost)  
  35  3:11  Probe (Chrono Boost)  
  38  3:21  Probe (Chrono Boost)  
  38  3:25  Mothership Core (Chrono Boost)  
  41  3:28  Probe (Chrono Boost)  
  41  3:32  Sentry  
  43  3:36  Probe, Immortal (Chrono Boost)  
  43  3:39  Probe  
  49  3:43  Assimilator  
  49  3:44  Assimilator  
  49  3:47  Pylon  
  49  3:48  Probe  
  50  3:51  Probe  
  51  3:56  Gateway  
  51  3:57  Gateway  
  51  4:00  Probe  
  52  4:08  Immortal (Chrono Boost)  
  52  4:09  Probe  
  57  4:13  Pylon  
  55  4:26  Probe  
  52  4:39  Gateway  
  52  4:40  Probe  
  52  4:41  Warp Prism (Chrono Boost)  
  52  4:43  Probe  
  56  4:52  Probe  
  56  4:53  Gateway  
  56  4:54  Gateway  
  56  4:57  Gateway  
  56  5:01  Sentry x3  
  62  5:08  Pylon  
  62  5:13  Gateway  
  62  5:15  Gateway  
  62  5:17  Pylon  
  62  5:26  Sentry x2  
  62  5:27  Sentry  
  64  5:29  Probe  
  64  5:33  Probe  
  64  5:35  Pylon  
  66  5:38  Robotics Bay  
  66  5:43  Forge, Zealot  
  66  5:44  Probe  
  69  5:54  Sentry x2  
  69  5:56  Pylon  
  73  5:59  Zealot  
  73  6:00  Zealot  
  77  6:09  Probe  
  78  6:22  Probe, Nexus  
  83  6:35  Photon Cannon  
  83  6:37  Protoss Ground Weapons Level 1  
  83  6:38  Disruptor (Chrono Boost)  
  83  6:41  Probe  
  83  6:43  Photon Cannon  
  83  6:45  Stalker, Probe  
  83  6:46  Stalker  
  89  6:50  Gravitic Drive  
  89  6:56  Photon Cannon  
  89  7:04  Probe  
  89  7:06  Photon Cannon  
  90  7:17  Probe  
  95  7:23  Zealot x2  
  95  7:26  Disruptor (Chrono Boost)  
  95  7:28  Pylon  
  99  7:30  Pylon  
  99  7:35  Probe  
  99  7:36  Twilight Council  
  100  7:39  Disruptor  
  100  7:43  Assimilator  
  100  7:45  Stalker, Disruptor  
  100  7:46  Stalker x2  
  100  7:48  Assimilator  
  106  7:53  Probe  
  107  7:58  Stalker  
  107  7:59  Stalker  
  107  8:23  Stalker x3  
  107  8:29  Stalker x5  
  117  8:35  Observer (Chrono Boost)  
  118  8:41  Stalker  
  118  8:46  Pylon  
  118  8:47  Pylon x2  
  120  8:50  Stalker x3  
  126  8:55  Stalker x2  
  126  9:00  Pylon  
  130  9:04  Stalker  
  130  9:09  Stalker  
  128  9:10  Stalker  
  128  9:13  Stalker  
  106  9:44  Stalker x4  
  106  9:45  Stalker x5  

Tags
 
Add a new tag
Caveats
  • Supply blocks, unpowered buildings, or Contaminate may cause inaccurate times.
  • Supply counts are checked every 10 seconds.